 Dungeon Crawl Stone Soup version 0.20.1-1-g8b1a95d (webtiles) character file.

259 empire the Skirmisher (level 5, -1/47 HPs)
             Began as a Minotaur Fighter on Oct 30, 2017.
             Slain by an ogre
             ... wielding a +0 giant club
              (13 damage)
             ... on level 4 of the Dungeon.
             The game lasted 00:04:20 (2260 turns).

empire the Skirmisher (Minotaur Fighter)            Turns: 2260, Time: 00:04:20

Health: -1/47      AC: 10    Str: 20    XL:     5   Next: 95%
Magic:  4/4        EV:  9    Int:  5    God:
Gold:   285        SH:  9    Dex: 11    Spells: 4/4 levels left

rFire    + . .     SeeInvis +   a - +0 war axe
rCold    + . .     Gourm    .   c - +0 shield
rNeg     . . .     Faith    .   i - +1 ring mail {rF+}
rPois    .         Spirit   .   (helmet restricted)
rElec    .         Reflect  .   h - +0 cloak
rCorr    .         Harm     .   z - +1 pair of gloves {archery}
MR       .....                  (no boots)
Stlth    +.........             (no amulet)
Regen    0.2/turn               s - ring of protection from cold
MPRegen  0.1/turn               y - ring of see invisible

@: no status effects
A: retaliatory headbutt, horns 2
a: no special abilities


You were on level 4 of the Dungeon.
You were not hungry.

You visited 1 branch of the dungeon, and saw 4 of its levels.

You collected 285 gold pieces.

Inventory:

Hand Weapons
 a - a +0 war axe (weapon)
Armour
 b - a +0 scale mail
 c - a +0 shield (worn)
 h - a +0 cloak (worn)
 i - a +1 ring mail of fire resistance (worn)
 l - a +0 chain mail
 z - a +1 pair of gloves of archery (worn)
Jewellery
 q - an uncursed ring of wizardry
 s - a ring of protection from cold (left hand)
 y - a ring of see invisible (right hand)
 B - an uncursed ring of protection from fire {unknown}
Wands
 w - a wand of lightning (12/15)
Scrolls
 e - 8 scrolls of identify {unknown}
 g - 2 scrolls of enchant weapon {unknown}
 k - 2 scrolls of magic mapping {unknown}
 m - 4 scrolls of remove curse {unknown}
 o - 2 scrolls of enchant armour {unknown}
 t - a scroll of blinking {unknown}
 u - 2 scrolls of teleportation {unknown}
 v - a scroll of immolation {unknown}
Potions
 d - 3 potions of might
 j - a potion of invisibility {unknown}
 n - 2 potions of degeneration {unknown}
 p - a potion of lignification {unknown}
 r - 2 potions of magic {unknown}
 A - 2 potions of flight {unknown}
Comestibles
 f - 7 bread rations
 x - a royal jelly


   Skills:
 + Level 4.8 Fighting
 * Level 4.7 Axes
 + Level 4.4 Armour
 + Level 2.4 Dodging
 + Level 4.4 Shields


You had 4 spell levels left.
You didn't know any spells.

Dungeon Overview and Level Annotations

Branches:
Dungeon (4/15)
 Temple: D:4-7

Altars:
Ashenzari
Trog
Xom


Innate Abilities, Weirdness & Mutations

You reflexively headbutt those who attack you in melee.
You have a pair of horns on your head.


Message History

Found a stone staircase leading down.
B - a twisted bronze ring
There is a stone staircase leading down here.
d - 3 potions of might (gained 1)
Found a leather armour.
An ogre comes into view. It is wielding a giant club.
The ogre shouts!
The ogre barely misses you.
You see here a scroll labeled WORHA BUKLUASO.
The ogre hits you with a giant club!
Your shield prevents you from hitting the ogre.
Your headbutt misses the ogre. The ogre hits you with a giant club!
You hit the ogre. Your headbutt misses the ogre.
The ogre is lightly wounded.
The ogre hits you with a giant club!
* * * LOW HITPOINT WARNING * * *
You hit the ogre. You headbutt the ogre.
The ogre is moderately wounded.
The ogre hits you with a giant club!
You die...

#.##########.##(.....
#########.#
#......##......
#.........#
#.#############
#.######### # #.# .#
#.#############.#
#.........#.....#
#########.#O....####
#....?@......# #####
#.##.........# #...#
#. #.........# ##...#
# ...##......# #.....
##### ......#
###..... ...[..#
#...|... #######
#.#..... #.#.....
#.#.....


You could see an ogre.

Vanquished Creatures
  A howler monkey (D:4)
  An iguana (D:4)
  A worker ant (D:4)
  8 adders
  4 gnolls (D:4)
  An ooze (D:1)
  A worm (D:4)
  A dart slug (D:3)
  5 orcs
  3 giant cockroaches (D:1)
  4 hobgoblins
  4 jackals (D:4)
  4 kobolds
  6 bats
  2 frilled lizards (D:1)
  5 goblins
  A quokka skeleton (D:4)
  6 rats
58 creatures vanquished.

Notes
Turn   | Place    | Note
-------+----------+-------------------------------------------
     0 | D:1      | empire the Minotaur Fighter began the quest for the Orb.
     0 | D:1      | Reached XP level 1. HP: 19/19 MP: 0/0
    76 | D:1      | Reached XP level 2. HP: 22/27 MP: 1/1
   710 | D:2      | Found a bloodstained altar of Trog.
   721 | D:2      | Reached skill level 1 in Dodging
   721 | D:2      | Reached XP level 3. HP: 27/33 MP: 2/2
  1250 | D:3      | Reached XP level 4. HP: 36/40 MP: 3/3
  1344 | D:3      | Found a shattered altar of Ashenzari.
  1345 | D:3      | Found a shimmering altar of Xom.
  1817 | D:4      | Reached XP level 5. HP: 38/47 MP: 4/4
  2255 | D:4      | Noticed an ogre
  2260 | D:4      | Slain by an ogre

Skill      XL: |  1  2  3  4  5 |
---------------+----------------+-----
Axes           | 3 4 |  4.7
Dodging        | 1 2 |  2.4
Fighting       | 4 |  4.8
Shields        | 4 |  4.4
Armour         | 4 |  4.4

Action                   |  1- 3 |  4- 6 || total
-------------------------+-------+-------++-------
Melee: War axe           |    72 |    63 ||   135
       Headbutt          |     8 |    14 ||    22
  Eat: Chunk             |     1 |     3 ||     4
Armor: Scale mail        |     2 |       ||     2
       Ring mail         |    33 |    30 ||    63
Dodge: Dodged            |    23 |    18 ||    41
Block: Shield            |    45 |    37 ||    82
